 BcadrenCrawl: Boulder Brew version 0.05.21-48-g4b524a92c8 (webtiles) character file.

Game seed: 11958832505429686644, levelgen mode: deterministic

172 Lochraine the Chiller (level 5, -2/31 HPs) Oozomorph Ice Elementalist. Began on Aug 2, 2021. Slain by a sewer rat (4 damage) ... on level 1 of the Dungeon on Aug 3, 2021. The game lasted 00:19:49 (1478 turns).

Lochraine the Chiller (Oozomorph Ice Elementalist)  Turns: 1478, Time: 00:19:49

Health: -2/31      AC:  3    Str:  9    XL:     5 ^: 134
Magic:  4/10       EV: 12    Int: 16    God:
Gold:   105        SH:  0    Dex: 13    Spells: 7/10 levels left

rFire    . . .     Vision   +   e - +0 dagger
rCold    . . .     Gourm    .   (no weapon)
rNeg     . . .     Faith    .   a - +0 robe
rCorr    + + +     Spirit   .   g - +0 helmet {+Vis}
rPois    .         Reflect  .   h - +0 pair of clawed gauntlets
rElec    .         Harm     .   (no armour)
MR       .....                  (no armour)
Stlth    ++........             (no armour)
HPRegen  0.20/turn              (nothing subsumed)
MPRegen  0.20/turn              (no amulet)
                                (no ring)
                                (no ring)

@: no status effects
A: cytoplasmic subsumption, amorphous body, gelatinous body 1
a: Subsume Item


You were on level 1 of the Dungeon.
You were not hungry.

You visited 1 branch of the dungeon, and saw 2 of its levels.

You collected 105 gold pieces.

Inventory:

Weapons
 e - a +0 dagger (weapon)
   (You took it off a goblin on level 1 of the Dungeon)
Armour
 a - a +0 robe (worn)
 g - a +0 helmet of improved vision (worn)
   (You found it on level 1 of the Dungeon)
 h - a +0 pair of clawed gauntlets (worn)
   (You found it on level 1 of the Dungeon)
 i - a +0 pair of gloves
   (You found it on level 1 of the Dungeon)
 j - a cursed +0 ring mail {(Curse: *Corrode)}
   (You found it on level 1 of the Dungeon)
 l - a +1 hat
   (You found it on level 1 of the Dungeon)
Scrolls
 f - a scroll of blinking
Potions
 d - 4 potions of ambrosia
Miscellaneous
 k - a lightning rod (4/4) {!a}
   (You acquired it on level 1 of the Dungeon)
Comestibles
 b - a chunk of flesh
 c - a ration


   Skills:
 - Level 1.5 Dodging
 - Level 2.4 Stealth
 + Level 3.4 Spellcasting
   Level 1.0 Summonings
 + Level 3.9 Ice Magic
 + Level 2.3 Evocations


You had 7 spell levels left.
You knew the following spells:

 Your Spells              Type           Power        Failure   Level  Hunger
a - Freeze                Ice            15 (25)      3%          1    None
b - Throw Frost           Ice            15 (50)      5%          2    ##.....

Your spell library contained the following spells:

 Spells                   Type           Power        Failure   Level  Hunger
 Ozocubu's Armour         Chrm/Ice       9 (100)      24%         3    ###....
 Hailstorm                Ice            15 (100)     34%         4    ####...
 Throw Icicle             Ice            15 (100)     34%         4    ####...
 Summon Ice Beast         Ice/Summ       10 (100)     54%         4    ####...


Dungeon Overview and Level Annotations

Branches:
Dungeon (2/8)

Altars:

Annotations:
D:2 Duvessa, Menkaure


Innate Abilities, Weirdness & Mutations

You may subsume any weapon, armour, or jewellery into your cytoplasm to benefit from its magical properties.
Your body is completely amorphous, allowing you to wear any combination of armour.
You have seven amorphous slots; replacing the normal gear slots.
Body armours and bardings take two slots, all other armours take one.
Your gelatinous form is immune to acid, constriction and sticky flames. (rCorr+, Slime)


Message History

The sewer rat barely misses you (0).
Aim: a submerged sewer rat (almost dead (2/12))
The sewer rat resists.
You freeze the sewer rat (2).
You kill the sewer rat!
You hear a splash.
You enter the shallow water.
Moving in this stuff is going to be slow.
You see here a sewer rat corpse.
There is a stone staircase leading down here.
You start waiting.
Eating one of 2 chunks of flesh.
You eat one of the 2 chunks of flesh.
You climb downwards.
Level annotation: Duvessa, Menkaure The sewer rat bites you (4).
The sewer rat closely misses you (0). x2
The sewer rat bites you but does no damage.
There is a stone staircase leading up, spattered with blood here.
The sewer rat bites you (4). The sewer rat closely misses you (0).
The sewer rat barely misses you (0).
You climb upwards.
There is a stone staircase leading down here.
Aim: a submerged sewer rat (healthy (12/12))
The sewer rat completely resists.
You freeze the sewer rat but do no damage (0).
The sewer rat bites you (3). The sewer rat misses you (0).
Aim: a submerged sewer rat (healthy (12/12))
The sewer rat resists.
You freeze the sewer rat (2). The sewer rat closely misses you (0).
The sewer rat bites you (3).
Aim: a submerged sewer rat (lightly wounded (10/12))
The sewer rat resists.
You freeze the sewer rat (2). The sewer rat closely misses you (0).
The sewer rat bites you (3).
* * * LOW HITPOINT WARNING * * *
Aim: a submerged sewer rat (moderately wounded (8/12))
The sewer rat resists.
You freeze the sewer rat (1). The sewer rat barely misses you (0).
The sewer rat bites you (6).
* * * LOW HITPOINT WARNING * * *
Aim: a submerged sewer rat (heavily wounded (7/12))
The sewer rat resists.
You freeze the sewer rat (3). The sewer rat closely misses you (0).
The sewer rat bites you (3).
* * * LOW HITPOINT WARNING * * *
Aim: a submerged sewer rat (severely wounded (4/12))
The sewer rat completely resists.
You freeze the sewer rat but do no damage (0).
The sewer rat closely misses you (0). The sewer rat barely misses you (0).
Okay, then.
Aim: a submerged sewer rat (severely wounded (4/12))
The sewer rat resists.
You freeze the sewer rat (2). The sewer rat bites you (5).
* * * LOW HITPOINT WARNING * * *
The sewer rat bites you (4).
You die...

############## #..r@rr......#
#.####r##.##.# ####
#.##...##.##.# ##...
#.#.....#.##.####..## #
#.#................## ##########
#.#.....#.##.##.....#
.........####.##)........###...##
####..................#### ##.##
##.###.###.####.##### #.#


You could see 4 sewer rats.

Vanquished Creatures
  2 jellies (D:2)
  2 giant cockroaches
  4 sewer rats
  3 cinder newts (D:1)
  4 leopard geckos
  5 goblins (D:1)
  5 hobgoblins (D:1)
  A ball python (D:2)
  5 bats
  A hobgoblin skeleton (D:2)
  A kobold (D:1)
  A rat (D:1)
34 creatures vanquished.

Vanquished Creatures (others)
  A kobold (D:2)
  40 withered plants (D:2)
41 creatures vanquished.

Grand Total: 75 creatures vanquished

Notes
Turn   | Place    | Note
-------+----------+-------------------------------------------
     0 | D:1      | Lochraine the Oozomorph Ice Elementalist began the quest
                  | for the Orb.
     0 | D:1      | Reached XP level 1. HP: 11/11 MP: 3/3
   199 | D:1      | Reached XP level 2. HP: 16/17 MP: 1/5
   480 | D:1      | Identified a scroll of acquirement
   496 | D:1      | Identified the +4 hunting sling of Diet Blood {freeze,
                  | *Contam rN+ Str+4} (You acquired it on level 1 of the
                  | Dungeon)
   608 | D:1      | Reached XP level 3. HP: 20/21 MP: 1/7
   845 | D:1      | Reached skill level 1 in Evocations
  1057 | D:2      | Reached XP level 4. HP: 20/27 MP: 2/8
  1061 | D:2      | Learned a level 2 spell: Throw Frost
  1189 | D:2      | Noticed Menkaure
  1222 | D:2      | Noticed Duvessa
  1295 | D:2      | Reached XP level 5. HP: 25/31 MP: 3/10
  1478 | D:1      | Slain by a sewer rat

Levels and vault maps discovered:
D:1:      giann_wishing_wells, layout_loops_corners
D:2:      layout_sewer, marbit_many_paths, first_ration, uniq_duvessa,
          uniq_menkaure

Skill      XL: |  1  2  3  4 |
---------------+-------------+-----
Ice Magic      | 3 |  3.9
Evocations     | 1 2 |  2.3
Spellcasting   | 3 |  3.4
Dodging        | |  1.5
Stealth        | |  2.4
Summonings     | |  1.0

Action                   |  1- 3 |  4- 6 || total
-------------------------+-------+-------++-------
Melee: Unarmed           |    21 |    31 ||    52
       Dagger            |    14 |    32 ||    46
 Cast: Freeze            |    36 |    30 ||    66
       Throw Frost       |       |    11 ||    11
  Use: Scroll            |     2 |       ||     2
 Stab: Sleeping          |     4 |       ||     4
  Eat: Chunk             |     1 |     2 ||     3
Armor: Skin              |    11 |    13 ||    24
Dodge: Dodged            |    31 |    55 ||    86
